 Dungeon Sprint DCSS version 0.22.0-16-gc6d26f6 (webtiles) character file.

444 poirepourri the Devastator (level 11, -12/61 HPs)
             Began as a Deep Elf Conjurer on Aug 17, 2018.
             Was a High Priest of Vehumet.
             Mangled by a guardian serpent (shapeshifter) (18 damage)
             ... in the Dungeon (Sprint VI: "Thunderdome").
             The game lasted 00:07:11 (1079 turns).

poirepourri the Devastator (Deep Elf Conjurer)      Turns: 1079, Time: 00:07:12

Health: -12/61     AC:  5    Str:  8    XL:     11   Next: 64%
Magic:  20/46      EV: 13    Int: 24    God:    Vehumet [*****.]
Gold:   35         SH:  0    Dex: 22    Spells: 32/50 levels left

rFire    + . .     SeeInvis .   q - +0 dagger
rCold    + . .     Gourm    .   (no shield)
rNeg     + . .     Faith    .   r - +2 leather armour {rPois}
rPois    +         Spirit   .   (no helmet)
rElec    +         Reflect  .   (no cloak)
rCorr    .         Harm     .   (no gloves)
MR       +....     NoTele   +   (no boots)
Stlth    +.........             m - amulet of Hepliaklqana's Esteem {Regen+ Dex+5}
HPRegen  0.60/turn              p - ring of Jamakkoga {rF+ rN+ Dex+2}
MPRegen  0.30/turn              n - ring "Copekhle" {rElec rC+ MP+9 Str+3}

@: confused
A: no striking features
}: 1/15 runes: decaying
a: Renounce Religion


You were in the Dungeon.
You worshipped Vehumet.
Vehumet was extremely pleased with you.
You were not hungry.

You visited 1 branch You collected 750 gold pieces.
You spent 715 gold pieces at shops.

Inventory:

Hand Weapons
 q - a +0 dagger (weapon)
Armour
 a - a +0 robe
 r - a +2 leather armour of poison resistance (worn)
 t - the +1 robe "Xoom Qya" {+Fly rCorr Str+5 Dex-4}
   (You bought it in a shop in the Dungeon)

   It affects your strength (+5).
   It affects your dexterity (-4).
   It lets you fly.
   It provides partial protection from all sources of acid and corrosion.
Jewellery
 m - the amulet of Hepliaklqana's Esteem (around neck) {Regen+ Dex+5}
   (You bought it in a shop in the Dungeon)

   [amulet of regeneration]

   It affects your dexterity (+5).
   It increases your rate of regeneration.
 n - the ring "Copekhle" (right hand) {rElec rC+ MP+9 Str+3}
   (You bought it in a shop in the Dungeon)

   [ring of magical power]

   It affects your strength (+3).
   It protects you from cold.
   It insulates you from electricity.
   It affects your magic capacity (+9).
 o - the ring "Qow Pyisch" {MR+ Str+10 Slay-5 SInv}
   (You bought it in a shop in the Dungeon)

   [ring of see invisible]

   It affects your strength (+10).
   It affects your accuracy and damage with ranged weapons and melee attacks
   (-5).
   It affects your resistance to hostile enchantments.
   It lets you see invisible.
 p - the ring of Jamakkoga (left hand) {rF+ rN+ Dex+2}
   (You bought it in a shop in the Dungeon)

   [ring of protection from fire]

   It affects your dexterity (+2).
   It protects you from fire.
   It protects you from negative energy.
 v - the ring "Nievol" {rElec EV+2 Int+5, unknown}
   (You found it in the Dungeon)

   [ring of evasion]

   It affects your evasion (+2).
   It affects your intelligence (+5).
   It insulates you from electricity.
Wands
 k - a wand of iceblast (2)
Scrolls
 i - 4 scrolls of blinking
 l - 3 scrolls of fog
Potions
 b - a potion of resistance
 f - 2 potions of haste
 g - 7 potions of magic
 h - a potion of berserk rage
 s - a potion of flight {unknown}
Comestibles
 c - a ration


   Skills:
 - Level 4.1 Fighting
 + Level 2.4 Dodging
 - Level 2.4 Stealth
 - Level 20.1 Spellcasting
 - Level 20.3 Conjurations


You had 32 spell levels left.
You knew the following spells:

 Your Spells              Type           Power        Failure   Level  Hunger
a - Magic Dart            Conj           ####         0%          1    None
b - Searing Ray           Conj           ######       0%          2    None
c - Dazzling Spray        Conj/Hex       ######       1%          3    None
d - Iskenderun's Mystic   Conj           #######.     0%          4    None
e - Force Lance           Conj/Tloc      ######..     1%          4    None
f - Fulminant Prism       Conj/Hex       ######....   1%          4    None

Your spell library contained the following spells:

 Spells                   Type           Power        Failure   Level  Hunger


Dungeon Overview and Level Annotations

Branches:
Dungeon (1/1)

Altars:
Cheibriados
Dithmenos
Fedhas
Gozag
Kikubaaqudgha
Makhleb
Okawaru
Qazlal
Ru
Sif Muna
Trog
Uskayaw
Vehumet
Wu Jian
Xom
Yredelemnul
Zin
The Shining One
Beogh
Jiyva
Lugonu

Shops:
D *[%??*?*:[((!!!!


Message History

The golden eye is severely wounded.
The guardian serpent hits you.
You completely miss the golden eye.
The golden eye is severely wounded.
The guardian serpent hits you. The guardian serpent hits you!!
* * * LOW HITPOINT WARNING * * *
Okay, then.
You're too confused!
The guardian serpent barely misses you.
You bump into the stone wall.
The guardian serpent closely misses you.
The golden eye blinks at you.
You are more confused.
The guardian serpent closely misses you.
You're too confused!
Unknown command.
Okay, then.
The golden eye changes into a raiju!
The guardian serpent hits you!!
You die...

#∩.......∩# #........_#
#_......._# #_........#
###..†.....†###
#(h..........⌠#
######.8(......).8.####
##∩___..S.†(###..)...___
###∩.....@..8.# #.8.......
##.............###.........
#⌠..........###...###......
#⌠........†.# #.<.# #.[....
#⌠..........###...###......
##.............###.........
###∩........8.# #.8.......
##∩___......###......_._
######.8.........8.####


You could see a guardian serpent and a raiju shaped shifter.

Vanquished Creatures
  the Lernaean hydra (D)
  Pikel (D)
  A lindwurm (shapeshifter) (D)
  A black mamba (shapeshifter) (D)
  2 rime drakes (D)
  A bog body (D)
  A basilisk (shapeshifter) (D)
  A yak (shapeshifter) (D)
  A soldier ant (shapeshifter) (D)
  A swamp drake (shapeshifter) (D)
  6 ice beasts (D)
  A big kobold (D)
  2 jellies (D)
  Ijyb (D)
  2 oozes (D)
  2 adder simulacra (D)
  A goblin (D)
  A hobgoblin (D)
  A bat simulacrum (D)
  A giant cockroach simulacrum (D)
29 creatures vanquished.

Vanquished Creatures (others)
  A fulminant prism (D)
1 creature vanquished.

Grand Total: 30 creatures vanquished

Notes
Turn   | Place    | Note
-------+----------+-------------------------------------------
     0 | D        | poirepourri the Deep Elf Conjurer began the quest for the Orb.
     0 | D        | Reached XP level 1. HP: 10/10 MP: 6/6
     3 | D        | Found a blossoming altar of Fedhas.
     3 | D        | Found an opulent altar of Gozag.
     4 | D        | Found a snail-covered altar of Cheibriados.
     4 | D        | Found a shadowy altar of Dithmenos.
     5 | D        | Found a corrupted altar of Lugonu.
     5 | D        | Found a glowing silver altar of Zin.
     5 | D        | Round 1.
     6 | D        | Found Sesooruu's Delicious Food.
     6 | D        | Found a basalt altar of Yredelemnul.
     6 | D        | Found a hide-covered altar of Uskayaw.
     6 | D        | Found Batiut's Identification Station.
     7 | D        | Found Qoidghado's Jewellery.
     7 | D        | Found Cyomaaw's Advanced Armour.
    10 | D        | Noticed a jelly
    17 | D        | Killed a jelly
    17 | D        | Reached XP level 2. HP: 15/15 MP: 1/13
    17 | D        | Reached XP level 3. HP: 19/19 MP: 1/15
    20 | D        | Bought a flickering ruby amulet for 45 gold pieces
    20 | D        | Bought a wavering bone ring for 45 gold pieces
    20 | D        | Bought a translucent tin ring for 45 gold pieces
    20 | D        | Identified the ring "Qow Pyisch" {MR+ Str+10 Slay-5 SInv} (You bought it in a shop in the Dungeon)
    21 | D        | Identified the ring "Copekhle" {rElec rC+ MP+9 Str+3} (You bought it in a shop in the Dungeon)
    22 | D        | Identified the amulet of Hepliaklqana's Esteem {Regen+ Dex+5} (You bought it in a shop in the Dungeon)
    23 | D        | Bought a shimmering steel ring for 45 gold pieces
    24 | D        | Identified the ring of Jamakkoga {rF+ rN+ Dex+2} (You bought it in a shop in the Dungeon)
    28 | D        | Learned a level 2 spell: Searing Ray
    32 | D        | Learned a level 3 spell: Dazzling Spray
    54 | D        | Reached skill level 10 in Spellcasting
    74 | D        | Found an iron altar of Okawaru.
    76 | D        | Found a radiant altar of Vehumet.
    77 | D        | Found an ancient bone altar of Kikubaaqudgha.
    77 | D        | Found Tuudas's Premium Goods.
    88 | D        | Reached XP level 4. HP: 24/24 MP: 0/18
    90 | D        | Found Avooph's Miscellaneous Merchandise.
    90 | D        | Found Ipulamaqu's Basic Armour.
    91 | D        | Found a deep blue altar of Sif Muna.
    91 | D        | Found a stormy altar of Qazlal.
    91 | D        | Found a glowing golden altar of the Shining One.
    91 | D        | Found Mutodgh's Weapon Rack.
    95 | D        | Became a worshipper of Vehumet
   100 | D        | Found a roughly hewn altar of Beogh.
   107 | D        | Found a bloodstained altar of Trog.
   107 | D        | Found Jyuh's Do-It-Yourself Clinic.
   109 | D        | Found Benirei's Bottled Wisdom.
   109 | D        | Found Nurph's Distillery.
   116 | D        | Learned a level 4 spell: Iskenderun's Mystic Blast
   121 | D        | Learned a level 4 spell: Force Lance
   126 | D        | Learned a level 4 spell: Fulminant Prism
   126 | D        | Found a sacrificial altar of Ru.
   126 | D        | Found a viscous altar of Jiyva.
   126 | D        | Found an ornate altar of the Wu Jian Council.
   126 | D        | Found Giodar's Distillery.
   148 | D        | Found a burning altar of Makhleb.
   149 | D        | Found a shimmering altar of Xom.
   149 | D        | Arena points: 5 (+5) [x1]
   151 | D        | Found Rogg's Staff Store.
   154 | D        | Found Epnuposm's Must-Have Magic.
   154 | D        | Found Maefim's Magic Scroll Shop.
   155 | D        | Found Banem's Magic Scroll Shop.
   164 | D        | Round 2.
   165 | D        | Noticed a big kobold
   169 | D        | Killed a big kobold
   169 | D        | Reached XP level 5. HP: 24/28 MP: 11/22
   192 | D        | Noticed Ijyb
   201 | D        | Killed Ijyb
   202 | D        | Reached * piety under Vehumet
   202 | D        | Offered knowledge of Freeze by Vehumet.
   234 | D        | Noticed Pikel
   246 | D        | Killed Pikel
   246 | D        | Reached XP level 6. HP: 22/32 MP: 10/29
   246 | D        | Reached XP level 7. HP: 25/36 MP: 10/31
   304 | D        | Arena points: 29 (+24) [x2]
   359 | D        | Round 3.
   377 | D        | Reached ** piety under Vehumet
   377 | D        | Offered knowledge of Throw Flame by Vehumet.
   388 | D        | Noticed a rime drake
   409 | D        | Killed a rime drake
   409 | D        | Reached *** piety under Vehumet
   409 | D        | Reached XP level 8. HP: 22/41 MP: 23/34
   420 | D        | Arena points: 92 (+63) [x3]
   489 | D        | Round 4.
   519 | D        | Reached **** piety under Vehumet
   519 | D        | Reached skill level 10 in Conjurations
   581 | D        | Offered knowledge of Inner Flame by Vehumet.
   585 | D        | Noticed a rime drake
   589 | D        | Killed a rime drake
   608 | D        | Arena points: 204 (+112) [x4]
   638 | D        | Bought a bloodstained robe for 199 gold pieces
   648 | D        | Identified the +1 robe "Xoom Qya" {+Fly rCorr Str+5 Dex-4} (You bought it in a shop in the Dungeon)
   682 | D        | Round 5.
   683 | D        | Noticed a bog body
   685 | D        | Noticed the 27-headed Lernaean hydra
   687 | D        | Noticed a bog body
   688 | D        | Killed a bog body
   688 | D        | Reached ***** piety under Vehumet
   721 | D        | Killed the 27-headed Lernaean hydra
   721 | D        | Arena points: 444 (+240) [x6]
   721 | D        | Reached XP level 9. HP: 41/45 MP: 15/35
   721 | D        | Reached XP level 10. HP: 46/50 MP: 15/36
   724 | D        | Got a slimy steel ring
   724 | D        | Got a decaying rune of Zot
   725 | D        | Reached XP level 11. HP: 58/61 MP: 16/37
   938 | D        | Round 6.
   965 | D        | Bought 6 potions of magic for 336 gold pieces
   973 | D        | Offered knowledge of Sticky Flame by Vehumet.
  1022 | D        | Noticed a lindwurm
  1030 | D        | Killed a lindwurm
  1074 | D        | HP: 3/61 [guardian serpent (shapeshifter) (18)]
  1079 | D        | Mangled by a guardian serpent (shapeshifter)

Skill      XL: |  1  2  3  4  5  6  7  8  9 10 11 |
---------------+----------------------------------+-----
Spellcasting   | 8 10 12 18 20 | 20.1
Conjurations   | 7 19 20 | 20.3
Fighting       | 4 |  4.1
Dodging        | |  2.4
Stealth        | |  2.4

Action                   |  1- 3 |  4- 6 |  7- 9 | 10-12 || total
-------------------------+-------+-------+-------+-------++-------
Melee: Dagger            |       |       |       |     4 ||     4
 Cast: Magic Dart        |    18 |    14 |     5 |     7 ||    44
       Searing Ray       |       |     3 |     3 |     1 ||     7
       Iskenderun's Myst |       |       |    24 |    11 ||    35
       Force Lance       |       |       |     6 |     4 ||    10
       Fulminant Prism   |       |       |     1 |       ||     1
Evoke: Wand              |       |     3 |       |     5 ||     8
  Use: Potion            |       |       |     3 |     6 ||     9
Armor: Robe              |     2 |     1 |       |       ||     3
       Leather armour    |       |       |       |     2 ||     2
Dodge: Dodged            |     5 |     3 |     3 |    11 ||    22
